 Dungeon Crawl Stone Soup version 0.24.0-13-gcf9b3192b9 (webtiles) character file.

Game seed: 18342570168660328304, levelgen mode: deterministic

37 Lanoc the Charlatan (level 3, -2/33 HPs)
             Began as a Troll Artificer on Nov 11, 2019.
             Killed themself with a badly aimed fireball (8 damage)
             ... on level 3 of the Dungeon.
             The game lasted 00:01:14 (228 turns).

Lanoc the Charlatan (Troll Artificer)                Turns: 228, Time: 00:01:15

Health: -2/33      AC:  6    Str: 20    XL:     3   Next: 23%
Magic:  4/4        EV: 15    Int:  7    God:
Gold:   0          SH:  0    Dex: 16    Spells: 2/2 levels left

rFire    . . .     SeeInvis .   (no weapon)
rCold    . . .     Gourm    +   (no shield)
rNeg     . . .     Faith    .   b - +0 robe
rPois    .         Spirit   .   (helmet restricted)
rElec    .         Reflect  .   (no cloak)
rCorr    .         Harm     .   (gloves unavailable)
MR       .....                  (boots unavailable)
Stlth    +++.......             (no amulet)
HPRegen  0.51/turn              (no ring)
MPRegen  0.09/turn              (no ring)

@: agile
A: large, unfitting armour, claws 3, fast metabolism 3, gourmand, regeneration
1, shaggy fur 1, tough skin 3
a: no special abilities


You were on level 3 of the Dungeon.
You were not hungry.

You visited 1 branch of the dungeon, and saw 3 of its levels.

Inventory:

Armour
 b - a +0 robe (worn)
Wands
 c - a wand of flame (15)
 d - a wand of enslavement (13)
 e - a wand of random effects (15)
Scrolls
 a - a scroll of teleportation {unknown}
 g - a scroll of amnesia {unknown}
Potions
 h - 2 potions of agility
 i - a potion of mutation {unknown}
Comestibles
 f - 3 rations


   Skills:
 + Level 1.3 Fighting
   Level 0.7 Short Blades
 + Level 2.0 Dodging
 - Level 0.3 Stealth
 * Level 2.8 Evocations


You had 2 spell levels left.
You didn't know any spells.
Your spell library was empty.

Dungeon Overview and Level Annotations

Branches:
Dungeon (3/15)

Altars:

Annotations:
D:3 Natasha


Innate Abilities, Weirdness & Mutations

You are too large for most types of armour.
You have claws for hands.
Your metabolism is lightning-fast.
You like to eat raw meat.
Your natural rate of healing is unusually fast.
You are covered in fur. (AC +1)
You have extremely tough skin. (AC +3)


Message History

The orc wizard hits you with a +0 dagger.
The kobold closely misses you. The orc misses you.
The orc hits you with a +0 hand axe!
* * * LOW HITPOINT WARNING * * *
The orc wizard gestures wildly while chanting.
The orc wizard blinks!
The kobold barely misses you.
Natasha casts a spell.
The quokka misses you.
You barely miss the kobold. The orc misses you. The kobold misses you.
The kobold hits you but does no damage.
Natasha casts a spell.
The quokka bites you but does no damage.
Evoke which item? (* to show all) (? for menu, Esc to quit)
Aiming: Random Effects
Press: ? - help, Shift-Dir - straight line, f - orc, p - orc
Aim: an orc, wielding a +0 hand axe and wearing a +0 ring mail The fireball explodes!
The fireball engulfs the orc!
You kill the orc!
The fireball engulfs you!
You die...

. .. ... ....
###########.....
#......K.....)..
#####.....@Kgh......
#.........r)o5.##...
#......<...o55.#
#..........o...#
#.............<#
#..............#
#.....(........#
#####..........#
###.#.#..###


You could see an iron imp, an orc wizard, Natasha, a gnoll, 2 crimson imps, 2
orcs, a quokka and 2 kobolds.

Vanquished Creatures
  A worker ant (D:2)
  An orc (D:3)
  4 giant cockroaches (D:1)
  2 hobgoblins
  A kobold (D:1)
  2 bats
  2 rats (D:2)
13 creatures vanquished.

Notes
Turn   | Place    | Note
-------+----------+-------------------------------------------
     0 | D:1      | Lanoc the Troll Artificer began the quest for the Orb.
     0 | D:1      | Reached XP level 1. HP: 18/18 MP: 1/1
    78 | D:1      | Reached skill level 1 in Fighting
   108 | D:1      | Reached XP level 2. HP: 23/27 MP: 2/2
   142 | D:2      | Reached XP level 3. HP: 21/33 MP: 2/4
   216 | D:3      | Noticed Natasha
   228 | D:3      | Killed themself with a badly aimed fireball

Levels and vault maps discovered:
D:1:      psy_arrival_radial02, layout_basic, serial_forest,
          infiniplex_forest_end_double, infiniplex_forest_lined_2,
          infiniplex_forest_clump_long, infiniplex_forest_diagonal,
          infiniplex_forest_clump_small, minmay_worlds_worst_comb
D:2:      layout_loops_ring, uniq_sigmund
D:3:      kennysheep_big_flooded_room, layout_rooms, minmay_liquid_box,
          minmay_close_crescents, uniq_natasha

Skill      XL: |  1  2 |
---------------+-------+-----
Fighting       | 1 |  1.3
Dodging        | 2 |  2.0
Short Blades   | |  0.7
Stealth        | |  0.3
Evocations     | |  2.8

Action                   || total
-------------------------++-------
Melee: Unarmed           ||    38
Evoke: Wand              ||     2
  Use: Potion            ||     1
 Stab: Sleeping          ||     2
  Eat: Chunk             ||     3
Armor: Robe              ||    22
Dodge: Dodged            ||    28
